 Dungeon Crawl Stone Soup version 0.24-a0-537-g2d01d4ab0a (webtiles) character file.

Game seed: 7346687701073418238

18743 Gargoyl the Cleaver (level 12, -1/100 HPs)
             Began as a Centaur Abyssal Knight on Aug 14, 2019.
             Was a Priest of Lugonu.
             Shot with an arrow by a centaur warrior (15 damage)
             ... on level 12 of the Dungeon.
             The game lasted 00:26:05 (17590 turns).

Gargoyl the Cleaver (Centaur Abyssal Knight)       Turns: 17590, Time: 00:26:06

Health: -1/100     AC: 21    Str: 18    XL:     12   Next: 30%
Magic:  13/19      EV:  8    Int: 11    God:    Lugonu [***...]
Gold:   842        SH:  0    Dex: 14    Spells: 11/11 levels left

rFire    + + +     SeeInvis .   r - +5 broad axe
rCold    + . .     Gourm    .   (no shield)
rNeg     + . .     Faith    .   d - +6 chain mail "Mulas" {*Corrode rElec rF+++ Dex+3}
rPois    .         Spirit   .   z - +2 hat
rElec    +         Reflect  .   (no cloak)
rCorr    .         Harm     .   e - +2 pair of gloves
MR       +....                  (no barding)
Stlth    ..........             q - amulet of rage
HPRegen  0.26/turn              l - ring of protection from cold
MPRegen  0.16/turn              E - ring of positive energy

@: very quick
A: large, hooves 3, deformed body, speed 2, magic resistance 1, tough skin 3,
MP-powered wands
a: Depart the Abyss, Bend Space, Banish, Renounce Religion, Evoke Berserk Rage


You were on level 12 of the Dungeon.
You worshipped Lugonu.
Lugonu was most pleased with you.
You were hungry.

You visited 1 branch of the dungeon, and saw 12 of its levels.
You visited the Abyss 1 time.
You also visited: Ossuary.

You collected 842 gold pieces.

Inventory:

Hand Weapons
 a - a +2 hand axe
 r - a +5 broad axe (weapon)
Missiles
 b - 7 javelins (quivered)
 B - 5 silver javelins
Armour
 d - the +6 chain mail "Mulas" (worn) {*Corrode rElec rF+++ Dex+3}
   (You found it on level 2 of the Abyss)

   It affects your dexterity (+3).
   It renders you almost immune to fire.
   It insulates you from electricity.
   It may corrode you when you take damage.
 e - a +2 pair of gloves (worn)
 z - a +2 hat (worn)
Jewellery
 l - a ring of protection from cold (left hand)
 o - an uncursed ring of flight
 q - an amulet of rage (around neck)
 E - a ring of positive energy (right hand)
Wands
 g - a wand of polymorph (16)
 y - a wand of enslavement (5)
 D - a wand of flame (24)
Scrolls
 f - 9 scrolls of teleportation
 i - 6 scrolls of identify
 k - 6 scrolls of remove curse
 s - 2 scrolls of fog
 w - 5 scrolls of magic mapping
 x - a scroll of fear
Potions
 h - 5 potions of curing
 j - 2 potions of cancellation
 m - a potion of ambrosia
 n - 3 potions of lignification
 p - a potion of heal wounds
 t - 2 potions of agility
 u - 2 potions of haste
 v - a potion of brilliance
Miscellaneous
 C - a lightning rod (4/4)
Comestibles
 c - 12 rations


   Skills:
 + Level 7.4 Fighting
 + Level 10.0 Axes
 * Level 8.7 Armour
 * Level 5.8 Dodging
 * Level 9.8 Invocations
 + Level 2.0 Evocations


You had 11 spell levels left.
You didn't know any spells.
Your spell library contained the following spells:

 Spells                   Type           Power        Failure   Level  Hunger
 Corona                   Hex            #......      97%         1    ##.....
 Magic Dart               Conj           #...         97%         1    ##.....
 Shock                    Conj/Air       #...         97%         1    ##.....
 Blink                    Tloc           N/A          99%         2    ###....
 Call Imp                 Summ           #.......     99%         2    ###....
 Slow                     Hex            #.......     99%         2    ###....
 Swiftness                Chrm/Air       #.......     99%         2    ###....
 Conjure Flame            Conj/Fire      #.......     100%        3    ####...
 Ignite Poison            Fire/Tmut/Pois #.......     100%        3    ####...
 Inner Flame              Hex/Fire       #.......     100%        3    ####...
 Mephitic Cloud           Conj/Pois/Air  #.......     100%        3    ####...
 Portal Projectile        Hex/Tloc       #.....       100%        3    ####...
 Static Discharge         Conj/Air       #.......     100%        3    ####...
 Airstrike                Air            #.........   100%        4    #####..
 Cause Fear               Hex            #.........   100%        4    #####..
 Leda's Liquefaction      Hex/Erth       #.........   100%        4    #####..
 Fireball                 Conj/Fire      #.........   100%        5    ######.
 Lightning Bolt           Conj/Air       #.........   100%        5    ######.
 Bolt of Fire             Conj/Fire      #.........   100%        6    #######
 Ring of Flames           Chrm/Fire      #.........   100%        7    #######
 Ignition                 Fire           #.........   100%        8    #######


Dungeon Overview and Level Annotations

Branches:
Dungeon (12/15)            Temple (0/1) D:6            Lair (0/6) D:10
    Orc (0/2) D:11

Altars:
Makhleb
Nemelex Xobeh
Ru
Trog
Uskayaw
Vehumet
Zin
The Shining One
Beogh

Shops:
D:7 }   D:8 }

Annotations:
D:10 corrupted


Innate Abilities, Weirdness & Mutations

You have hooves in place of feet.
Armour fits poorly on your strangely shaped body.
You cover ground very quickly.
You have extremely tough skin. (AC +3)
You are resistant to hostile enchantments. (MR+)
You expend magic power (3 MP) to strengthen your wands.


Message History

The centaur warrior wields a +0 shortbow.
The centaur warrior shoots an arrow.
The arrow closely misses you.
Found 2 arrows and a flail.
A centaur warrior comes into view. It is wielding a +0 shortbow.
You see here an arrow.
Press: ? - help, Shift-Dir - straight line, f - centaur warrior
Aim: a centaur warrior, wielding a +0 shortbow (chance to defeat MR: 73%)
You fail to use your ability.
The centaur warrior shoots an arrow.
The arrow hits you but does no damage.
The centaur warrior shoots an arrow.
The arrow hits you.
* * * LOW HITPOINT WARNING * * *
Press: ? - help, Shift-Dir - straight line, f/p - centaur warrior
Aim: a centaur warrior, wielding a +0 shortbow (chance to defeat MR: 73%)
The centaur warrior struggles to resist.
You are feeling hungry.
You can no longer corrupt the fabric of space.
The centaur warrior shoots an arrow.
The arrow hits you.
* * * LOW HITPOINT WARNING * * *
The centaur warrior shoots an arrow.
The arrow hits you!
You die...

..#.<..#.....#
.....###.....##..#
...........}.##..#
...?.........##.c#
.........######..#
.........# #..#
########## #).#
#(.# # #.@# # #..#
# #..# ## #..# ##.
#..# ##.. #..#
####... #..c
....... #...
#############
......).((...


You could see 2 centaur warriors.

Vanquished Creatures
  Gastronok (D:10)
  Erica (D:9)
  A two-headed ogre (D:10)
  Urug (D:10)
  An unseen horror (D:10)
  Pikel (D:4)
  2 ugly things
  A deep elf mage (D:10)
  A manticore (D:11)
  A komodo dragon (D:10)
  3 trolls
  2 hippogriffs
  A meliai zombie (D:11)
  A spriggan (D:8)
  15 yaks
  A wyvern (D:11)
  Menkaure (D:7)
  5 ice beasts
  3 orc warriors
  3 sky beasts
  3 black bears
  2 necrophages
  3 phantoms
  2 slaves (D:5)
  9 centaurs
  4 bullfrogs (D:10)
  A big kobold (D:10)
  A wyvern skeleton (D:6)
  2 scorpions (D:5)
  4 killer bees (D:7)
  A howler monkey (D:10)
  8 crimson imps
  3 centaur zombies
  4 bullfrog zombies
  7 orc priests
  5 hounds
  4 jellies
  A bullfrog skeleton (D:9)
  5 centaur skeletons
  2 iguanas
  9 orc wizards
  11 worker ants
  2 killer bee zombies
  3 hound zombies
  5 worker ant zombies
  2 howler monkey zombies (Ossuary)
  11 mummies (Ossuary)
  11 adders
  A shadow imp (D:7)
  A white imp (D:8)
  An adder zombie (Ossuary)
  3 adder skeletons
  2 dart slugs (D:2)
  4 worms
  4 leopard geckos
  77 orcs
  A ball python (D:6)
  3 giant cockroaches
  7 goblins
  5 hobgoblins
  6 jackals
  17 kobolds
  3 quokkas
  3 bats
  5 frilled lizards
  A jackal zombie (Ossuary)
  A quokka skeleton (D:6)
  A quokka zombie (Ossuary)
  12 rats
  A plant (D:7)
330 creatures vanquished.

Vanquished Creatures (collateral kills)
  3 orcs (D:11)
3 creatures vanquished.

Vanquished Creatures (others)
  An Executioner (D:10)
  2 hydras
  3 two-headed ogres
  A ynoxinul (D:10)
  A neqoxec (D:10)
  A slave (D:5)
  A big kobold (D:12)
  A scorpion (D:5)
  A killer bee (D:7)
  An orc priest (D:11)
  A plant (D:10)
  6 starspawn tentacles (D:10)
  3 withered plants (Ossuary)
23 creatures vanquished.

Grand Total: 356 creatures vanquished

Notes
Turn   | Place    | Note
-------+----------+-------------------------------------------
     0 | Abyss:1  | Gargoyl the Centaur Abyssal Knight began the quest for the
                  | Orb.
     0 | Abyss:1  | Reached XP level 1. HP: 19/19 MP: 2/2
    36 | Abyss:1  | Noticed a small abomination
    86 | Abyss:2  | Noticed a tentacled starspawn
    96 | Abyss:2  | Got an ancient chain mail
   120 | Abyss:2  | Identified the +6 chain mail "Mulas" {*Corrode rElec rF+++
                  | Dex+3} (You found it on level 2 of the Abyss)
   141 | Abyss:2  | Noticed a raiju
   141 | Abyss:2  | Noticed a raiju
   142 | D:1      | Escaped the Abyss
   290 | D:1      | Reached * piety under Lugonu
   458 | D:1      | Reached XP level 2. HP: 24/26 MP: 3/3
   584 | D:1      | Reached skill level 2 in Axes
   914 | D:2      | Reached skill level 1 in Dodging
   929 | D:2      | Reached XP level 3. HP: 26/31 MP: 4/4
  1818 | D:3      | Noticed a +0 hand axe
  1818 | D:3      | Noticed a +0 hand axe
  1821 | D:3      | Reached XP level 4. HP: 38/38 MP: 5/5
  1824 | D:3      | Found a hide-covered altar of Uskayaw.
  1868 | D:3      | Reached ** piety under Lugonu
  2060 | D:3      | Reached XP level 5. HP: 33/45 MP: 7/7
  2692 | D:4      | Reached skill level 3 in Axes
  3097 | D:4      | Reached XP level 6. HP: 52/52 MP: 8/8
  3987 | D:5      | Entered Level 5 of the Dungeon
  3988 | D:5      | Noticed a slave
  3993 | D:5      | Noticed Pikel
  3994 | D:5      | Noticed a slave
  3995 | D:5      | Noticed a slave
  3997 | D:5      | Noticed a slave
  4017 | D:5      | Killed a slave
  4034 | D:5      | Killed a slave
  4265 | D:4      | Killed Pikel
  4265 | D:4      | Reached skill level 4 in Axes
  4265 | D:4      | Reached XP level 7. HP: 46/60 MP: 8/10
  4393 | D:5      | Reached XP level 8. HP: 39/67 MP: 11/11
  4815 | D:5      | Noticed a two-headed ogre
  4895 | D:5      | Reached *** piety under Lugonu
  5254 | D:6      | Found a staircase to the Ecumenical Temple.
  5474 | D:5      | Reached skill level 5 in Axes
  5474 | D:5      | Reached skill level 5 in Armour
  6088 | D:5      | Banished a two-headed ogre
  6088 | D:5      | Reached skill level 5 in Invocations
  6088 | D:5      | Reached XP level 9. HP: 73/73 MP: 12/12
  6513 | D:6      | Found a glowing golden altar of the Shining One.
  6931 | D:7      | Reached skill level 5 in Fighting
  6949 | D:7      | Gained mutation: You expend magic power (3 MP) to
                  | strengthen your wands. [potion of mutation]
  6949 | D:7      | Gained mutation: You are resistant to hostile enchantments.
                  | (MR+) [potion of mutation]
  7289 | D:7      | Found a sand-covered staircase.
  7290 | D:7      | Noticed Menkaure
  7299 | Ossuary  | Entered an ossuary
  7756 | Ossuary  | Reached skill level 1 in Evocations
  7810 | Ossuary  | Reached skill level 6 in Axes
  7944 | Ossuary  | Reached **** piety under Lugonu
  8433 | D:7      | Killed Menkaure
  9103 | D:7      | Found a glowing silver altar of Zin.
  9111 | D:7      | Found Tuef's Gadget Emporium.
  9113 | D:7      | Found a sacrificial altar of Ru.
  9916 | D:8      | Found Tuiddoov's Gadget Shop.
  9971 | D:8      | Reached skill level 7 in Axes
  9971 | D:8      | Reached XP level 10. HP: 72/81 MP: 14/14
 10079 | D:8      | Noticed a two-headed ogre
 10081 | D:8      | Banished a two-headed ogre
 10710 | D:9      | Noticed Erica
 10733 | D:9      | Killed Erica
 10981 | D:9      | Noticed a moth of wrath
 10983 | D:9      | Found a bloodstained altar of Trog.
 11147 | D:9      | Found a sparkling altar of Nemelex Xobeh.
 11151 | D:9      | Found a radiant altar of Vehumet.
 12202 | D:9      | Reached skill level 8 in Axes
 12489 | D:10     | Entered Level 10 of the Dungeon
 12625 | D:10     | Noticed Gastronok
 12643 | D:10     | Killed Gastronok
 12643 | D:10     | Reached XP level 11. HP: 39/89 MP: 16/16
 13088 | D:10     | Noticed Urug
 13111 | D:10     | Killed Urug
 13111 | D:10     | Reached ***** piety under Lugonu
 13111 | D:10     | Reached skill level 5 in Dodging
 13712 | D:10     | Found a staircase to the Lair.
 14158 | D:10     | Killed an unseen horror
 14324 | D:10     | Found a burning altar of Makhleb.
 14324 | D:10     | Noticed an Executioner
 14480 | D:10     | Noticed a two-headed ogre
 14487 | D:10     | Killed a two-headed ogre
 14487 | D:10     | Reached skill level 9 in Axes
 14682 | D:10     | Corrupted D:10
 14682 | D:10     | Noticed a tentacled starspawn
 14682 | D:10     | Noticed a tentacled starspawn
 14682 | D:10     | Noticed a tentacled starspawn
 14682 | D:10     | Noticed a glowing orange brain
 14683 | D:10     | Noticed a tentacled monstrosity
 14684 | D:10     | Noticed a large abomination
 14684 | D:10     | Noticed a starcursed mass
 14684 | D:10     | Noticed a starcursed mass
 14685 | D:10     | Noticed a sun demon
 14685 | D:10     | Noticed a starcursed mass
 14693 | D:10     | Killed an Executioner
 14838 | D:10     | Noticed a large abomination
 14842 | D:10     | Noticed a green draconian shifter
 14845 | D:10     | Noticed a thrashing horror
 14911 | D:11     | Noticed a five-headed hydra
 15026 | D:11     | Banished a five-headed hydra
 15046 | D:11     | Noticed a white ugly thing
 15048 | D:11     | Noticed a cyan ugly thing
 15060 | D:11     | Noticed a deep elf mage
 15331 | D:10     | Killed a white ugly thing
 15473 | D:10     | Killed a deep elf mage
 15492 | D:11     | Killed a green ugly thing
 15974 | D:11     | Found a roughly hewn altar of Beogh.
 16448 | D:11     | Found a staircase to the Orcish Mines.
 16540 | D:11     | Noticed a two-headed ogre
 16562 | D:11     | Banished a two-headed ogre
 16982 | D:11     | Reached XP level 12. HP: 100/100 MP: 17/19
 17160 | D:12     | Got a fine halberd
 17161 | D:12     | Identified the +1 halberd "Qysecs" {drain, rC+} (You found
                  | it on level 12 of the Dungeon)
 17476 | D:12     | Noticed a seven-headed hydra
 17477 | D:12     | Banished a seven-headed hydra
 17556 | D:12     | Noticed a cyan very ugly thing
 17574 | D:12     | Banished a cyan very ugly thing
 17574 | D:12     | Reached skill level 10 in Axes
 17577 | D:12     | Noticed a deep elf high priest
 17588 | D:12     | Noticed a centaur warrior
 17589 | D:12     | Noticed a centaur warrior
 17590 | D:12     | Shot with an arrow by a centaur warrior

Levels and vault maps discovered:
D:1:      erik_arrival_triangle_large, layout_basic, minmay_tetromino_t2
D:2:      layout_loops_ring, first_ration
D:3:      layout_basic, dancing_weapons_uskayaw
D:4:      layout_loops_ring, serial_co_window_serial,
          co_window_of_opportunity_a, co_window_corner_a, co_window_paths_a,
          co_window_of_opportunity_a, co_window_corner_a, co_window_broadway_a,
          co_window_corner_cb, co_window_of_opportunity_b, co_window_4corner_a,
          glass_columns_a, glass_columns_a, glass_columns_a, glass_columns_b
D:5:      layout_basic, cheibrodos_sewer_entry_bend, uniq_pikel
D:6:      black_bear_nest_2, layout_loops_ring, old_standard_altar,
          minmay_temple_entry_antechambers
D:7:      layout_cave_pods, nicolae_ru_the_path_less_chosen, kennysheep_mini,
          serial_shops, shop, lightli_ossuary_entry_decrepit_ruins,
          uniq_menkaure
D:8:      layout_loops_cross, serial_shops, shop, grunt_pizzeria,
          minmay_fire_ice_demons
D:9:      layout_roguey, tgw_trog, chequers_temple_overflow_statue_of_worship,
          uniq_erica
D:10:     layout_irregular_city, david_lair_shrubbed, serial_rivers,
          chequers_serial_rivers_micro_b, chequers_serial_rivers_micro_d,
          chequers_serial_rivers_room_b, chequers_serial_rivers_small_a,
          makhleb_altar_promises_db, uniq_gastronok, uniq_urug
D:11:     layout_basic, david_orc_5, serial_corexii_hall,
          corexii_hall_statues_i, corexii_hall_statues_x, corexii_hall_statues_x
D:12:     minmay_containers, layout_basic

Skill      XL: |  1  2  3  4  5  6  7  8  9 10 11 12 |
---------------+-------------------------------------+-----
Axes           | 2 3 4 5 7 8 9 10 | 10.0
Dodging        | 1 2 3 4 5 |  5.8
Armour         | 2 4 5 6 7 8 |  8.7
Invocations    | 3 4 5 6 7 9 |  9.8
Fighting       | 4 5 6 7 |  7.4
Evocations     | 1 2 |  2.0

Action                   |  1- 3 |  4- 6 |  7- 9 | 10-12 || total
-------------------------+-------+-------+-------+-------++-------
Melee: Hand axe          |   100 |   179 |   546 |   293 ||  1118
       Kick              |    13 |    45 |   144 |   176 ||   378
       Broad axe         |       |       |       |   269 ||   269
Throw: Javelin           |       |       |       |     2 ||     2
Invok: Depart the Abyss  |     1 |       |       |       ||     1
       Banish            |       |       |     2 |    12 ||    14
       Bend Space        |       |       |       |     1 ||     1
       Corrupt           |       |       |       |     1 ||     1
 Abil: Evoke Flight      |       |       |     3 |       ||     3
       Evoke Berserk Rag |       |       |       |     7 ||     7
Evoke: Wand              |       |     5 |    17 |     2 ||    24
  Use: Scroll            |     6 |     3 |    16 |     6 ||    31
       Potion            |       |     2 |     5 |     1 ||     8
  Eat: Chunk             |     1 |     6 |    11 |    15 ||    33
       Ration            |       |       |     2 |     6 ||     8
Armor: Chain mail        |    98 |   138 |   362 |   474 ||  1072
       Skin              |       |       |    73 |       ||    73
Dodge: Dodged            |    39 |    41 |   139 |   226 ||   445

Table legend:
 A = Non-vault XP
 B = Vault XP
 C = Vault XP percentage of total XP
 D = Non-vault monster count
 E = Vault monster count
 F = Vault count percentage of total count
                 A         B        C        D         E       F
            +---------+---------+-------+---------+---------+-------
      Total |   19295 |    7481 |  27.9 |     269 |      70 |  20.6
            +---------+---------+-------+---------+---------+-------
        D:1 |      26 |       3 |  10.3 |      17 |       2 |  10.5
        D:2 |      67 |       0 |   0.0 |      17 |       0 |   0.0
        D:3 |     159 |       0 |   0.0 |      19 |       0 |   0.0
        D:4 |     347 |     663 |  65.6 |      22 |       1 |   4.3
        D:5 |    1486 |      10 |   0.7 |      24 |       2 |   7.7
        D:6 |     151 |     126 |  45.5 |      18 |       1 |   5.3
        D:7 |    1024 |     172 |  14.4 |      27 |       1 |   3.6
        D:8 |    1389 |     282 |  16.9 |      23 |       3 |  11.5
        D:9 |    2130 |     927 |  30.3 |      26 |       6 |  18.8
       D:10 |    4961 |    3352 |  40.3 |      36 |       3 |   7.7
       D:11 |    4828 |     114 |   2.3 |      21 |      22 |  51.2
       D:12 |    2727 |    1165 |  29.9 |      19 |       1 |   5.0
    Ossuary |       0 |     667 | 100.0 |       0 |      28 | 100.0
            +---------+---------+-------+---------+---------+-------
